 Dungeon Crawl Stone Soup version 0.23.0-2-g0fe3ce5 (console) character file.

Game seed: 12157415232226763062

75 bli the Chopper (level 4, -4/37 HPs)
             Began as a Formicid Abyssal Knight on Feb 19, 2019.
             Was a Follower of Lugonu.
             Slain by an orc priest
             ... wielding a +0 trident
              (5 damage)
             ... on level 3 of the Dungeon.
             The game lasted 00:06:24 (2298 turns).

bli the Chopper (Formicid Abyssal Knight)           Turns: 2298, Time: 00:06:25

Health: -4/37      AC:  4    Str: 16    XL:     4   Next: 55%
Magic:  5/5        EV: 11    Int: 12    God:    Lugonu [*.....]
Gold:   131        SH:  0    Dex: 13    Spells: 3/3 levels left

rFire    . . .     SeeInvis +   a - +1 hand axe
rCold    . . .     Gourm    .   (no shield)
rNeg     . . .     Faith    .   b - +0 leather armour
rPois    .         Spirit   .   (helmet unavailable)
rElec    .         Reflect  .   (no cloak)
rCorr    .         Harm     .   h - +0 pair of gloves
MR       .....                  (no boots)
Stlth    +.........             (no amulet)
HPRegen  0.12/turn              l - +2 ring of dexterity
MPRegen  0.09/turn              (no ring)

@: lethally poisoned (-4 -> -26), flying
A: permanent stasis, dig shafts and tunnels, four strong arms, antennae 3
a: Dig, Shaft Self, Depart the Abyss, Renounce Religion


You were on level 3 of the Dungeon.
You worshipped Lugonu.
Lugonu was aware of your devotion.
You were hungry.

You visited 1 branch of the dungeon, and saw 3 of its levels.
You visited the Abyss 1 time.

You collected 131 gold pieces.

Inventory:

Hand Weapons
 a - a +1 hand axe (weapon)
 p - a +0 blowgun
Missiles
 f - 41 sling bullets
 g - 7 javelins (quivered)
 k - 123 stones
 q - 21 poisoned needles
Armour
 b - a +0 leather armour (worn)
 e - a +0 ring mail
 h - a +0 pair of gloves (worn)
Jewellery
 l - a +2 ring of dexterity (left hand)
Scrolls
 d - 3 scrolls of magic mapping {unknown}
 m - a scroll of blinking {unknown}
 n - 2 scrolls of identify {unknown}
 o - a scroll of enchant weapon {unknown}
 r - a scroll of remove curse {unknown}
 t - a scroll of noise {unknown}
 u - a scroll of enchant armour {unknown}
 v - a scroll of fear {unknown}
 w - 2 scrolls of teleportation {unknown}
Potions
 i - a potion of flight
 s - a potion of curing {unknown}
 x - a potion of heal wounds {unknown}
Comestibles
 c - 5 rations
 z - 3 chunks of flesh


   Skills:
 + Level 3.8 Fighting
 * Level 4.0 Axes
 + Level 2.2 Armour
 + Level 0.9 Dodging
 - Level 2.1 Invocations


You had 3 spell levels left.
You didn't know any spells.
Your spell library was empty.

Dungeon Overview and Level Annotations

Branches:
Dungeon (3/15)

Altars:
Qazlal
Xom

Annotations:
D:3 1 transporter


Innate Abilities, Weirdness & Mutations

You cannot be hasted, slowed, berserked, paralysed or teleported.
You can dig through walls and to a lower floor.
Your four strong arms can wield two-handed weapons with a shield.
You have a pair of large antennae on your head. (SInv)


Message History

The orc priest completely misses you. The orc closely misses you.
The orc priest calls upon Beogh to heal the orc.
The orc's wounds heal themselves!
It was a potion of flight.
You feel very buoyant.
You fly up into the air.
* * * LOW HITPOINT WARNING * * *
You feel sick. The orc hits you with a +0 short sword.
* * * LOW HITPOINT WARNING * * *
The orc hits you with a +0 falchion of venom.
* * * LOW HITPOINT WARNING * * *
You are more poisoned.
The orc priest hits you but does no damage.
You closely miss the orc priest.
The orc priest is severely wounded.
You hit the orc priest. You barely miss the orc.
You hit the orc but do no damage. You barely miss the orc.
* * * LOW HITPOINT WARNING * * *
You feel sick.
The orc priest hits you with a +0 trident.
You die...

#.#...#.### .......[...
....... ...####....
.......$# #.... #......
.>....... #...# ######(
........# ##>..## #.
........##...#..# #####.
............###.###.....
..>.....#.###○...§#.####
......oo....#.....#.# #
......o@.##...._....# #
.<....oo.####.....#.# #
.....)...# #.....#.#
.!.<.....# ###.###.#
......[..# #.....#
##.......# #######
#########


You could see 2 orc priests and 3 orcs.

Vanquished Creatures
  An adder (D:2)
  An ooze (D:1)
  2 worms (D:2)
  2 dart slugs
  4 leopard geckos
  2 ball pythons (D:1)
  4 giant cockroaches
  5 goblins
  5 hobgoblins
  3 jackals (D:1)
  8 bats
  A frilled lizard (D:1)
  4 kobolds
  5 rats (D:1)
47 creatures vanquished.

Notes
Turn   | Place    | Note
-------+----------+-------------------------------------------
     0 | Abyss:1  | bli the Formicid Abyssal Knight began the quest for the
                  | Orb.
     0 | Abyss:1  | Reached XP level 1. HP: 18/18 MP: 2/2
   211 | Abyss:1  | Noticed a thrashing horror
   214 | D:1      | Escaped the Abyss
   408 | D:1      | Reached XP level 2. HP: 19/24 MP: 3/3
   417 | D:1      | Reached * piety under Lugonu
   436 | D:1      | Reached skill level 3 in Axes
   556 | D:1      | Reached XP level 3. HP: 29/29 MP: 4/4
  1355 | D:2      | Found a faded altar of an unknown god.
  1432 | D:2      | Reached XP level 4. HP: 34/37 MP: 5/5
  1912 | D:2      | Reached skill level 4 in Axes
  1979 | D:2      | Found a shimmering altar of Xom.
  2233 | D:3      | Found a transporter.
  2279 | D:3      | Found a stormy altar of Qazlal.
  2298 | D:3      | HP: 1/37 [poisoned by an orc]
  2298 | D:3      | Slain by an orc priest

Skill      XL: |  1  2  3  4 |
---------------+-------------+-----
Axes           | 3 4 |  4.0
Fighting       | |  3.8
Armour         | |  2.2
Dodging        | |  0.9
Invocations    | |  2.1

Action                   |  1- 3 |  4- 6 || total
-------------------------+-------+-------++-------
Melee: Hand axe          |    97 |    57 ||   154
Throw: Javelin           |       |     2 ||     2
Invok: Depart the Abyss  |     1 |       ||     1
  Use: Potion            |       |     1 ||     1
  Eat: Chunk             |     1 |     3 ||     4
Armor: Leather armour    |    39 |    15 ||    54
Dodge: Dodged            |    71 |    45 ||   116
